 Dungeon Crawl Stone Soup version 0.26-a0-663-g36e8fdb655 (webtiles) character file.

Game seed: 862274852257025289

123731 looop the Gelid (level 16, -2/125 HPs)
             Began as a Demonspawn Ice Elementalist on Oct 12, 2020.
             Was an Initiate of Gozag.
             Slain by an Executioner (7 damage)
             ... on level 2 of the Abyss.
             The game lasted 00:54:41 (32046 turns).

looop the Gelid (Demonspawn Ice Elementalist)      Turns: 32046, Time: 00:54:42

Health: -2/125     AC: 15    Str:  8    XL:     16   Next: 37%
Magic:  2/31       EV: 20    Int: 21    God:    Gozag
Gold:   8506       SH: 11    Dex: 17    Spells: 16/37 levels left

rFire    + . .     SeeInvis .   b - +2 broad axe (flame)
rCold    + . .     Faith    .   X - +0 buckler
rNeg     . . .     Spirit   .   J - +2 leather armour {rF+}
rPois    .         Reflect  +   (no helmet)
rElec    .         Harm     .   I - +2 cloak {rF+}
rCorr    .         Rampage  .   (no gloves)
MR       +....                  x - +2 pair of boots
Stlth    +.........             o - amulet of reflection
HPRegen  0.30/turn              N - +4 ring of protection
MPRegen  0.22/turn              E - ring of ice

@: contaminated, hasted, glowing, very quick
A: claws 2, powered by death 2, powered by pain 2, sturdy frame 2
a: Potion Petition, Call Merchant, Bribe Branch, Renounce Religion


You were on level 2 of the Abyss.
You worshipped Gozag.
Gozag was greatly pleased with you.
You visited 3 branches of the dungeon, and saw 23 of its levels.
You visited the Abyss 1 time.
You also visited: Ossuary and Volcano.

You collected 9789 gold pieces.
You spent 825 gold pieces at shops.
You paid 458 gold pieces to Gozag.

Inventory:

Hand Weapons
 a - the +4 whip "Sirisit" {speed, +Blink MP+9 Str+2}
   (You found it on level 7 of the Dungeon)

   Attacks with this weapon are significantly faster.
   It affects your strength (+2).
   It affects your magic capacity (+9).
   It lets you blink.
 b - a +2 broad axe of flaming (weapon)
Missiles
 w - 3 atropa-tipped darts (quivered)
 M - 5 throwing nets
Armour
 x - a +2 pair of boots (worn)
 B - a +2 robe of cold resistance
 G - a +0 kite shield
 I - a +2 cloak of fire resistance (worn)
 J - a +2 leather armour of fire resistance (worn)
 X - a +0 buckler (worn)
Jewellery
 o - an amulet of reflection (around neck)
 E - a ring of ice (right claw)
 F - an uncursed ring of wizardry
 N - a +4 ring of protection (left claw)
 Z - an uncursed amulet of guardian spirit
Wands
 h - a wand of disintegration (17)
 m - a wand of flame (64)
 v - a wand of acid (13)
 C - a wand of enslavement (15)
 L - a wand of iceblast (11)
 S - a wand of random effects (36)
 T - a wand of digging (4)
 U - a wand of polymorph (9)
Scrolls
 e - 4 scrolls of enchant armour
 g - 7 scrolls of random uselessness {unknown}
 i - 4 scrolls of amnesia
 j - 20 scrolls of teleportation
 k - 11 scrolls of remove curse {unknown}
 q - 9 scrolls of immolation
 r - 5 scrolls of fog
 s - a scroll of fear
 z - a scroll of summoning
 K - a scroll of vulnerability
 P - 5 scrolls of enchant weapon
 Q - a scroll of magic mapping
 V - 5 scrolls of blinking
Potions
 c - 5 potions of invisibility {unknown}
 d - 3 potions of stabbing {unknown}
 f - 8 potions of curing {unknown}
 l - 2 potions of flight {unknown}
 n - 2 potions of magic {unknown}
 p - 2 potions of might {unknown}
 t - 6 potions of brilliance {unknown}
 u - 7 potions of lignification {unknown}
 A - 4 potions of mutation {unknown}
 D - 9 potions of heal wounds {unknown}
 H - 6 potions of ambrosia {unknown}
 O - 4 potions of berserk rage {unknown}
 R - 5 potions of haste {unknown}
 Y - 3 potions of cancellation {unknown}


   Skills:
 - Level 11.2 Fighting
 - Level 10.5 Dodging
 - Level 1.7 Stealth
 - Level 8.0 Shields
 - Level 11.4 Spellcasting
 - Level 5.0 Conjurations
 - Level 5.0 Summonings
 + Level 6.2 Transmutations
 - Level 15.6 Ice Magic
 + Level 6.2 Earth Magic


You had 16 spell levels left.
You knew the following spells:

 Your Spells              Type           Power        Failure   Level
a - Freeze                Ice            ####         0%          1
b - Frozen Ramparts       Ice            ######       1%          3
c - Ozocubu's Armour      Ice            #######.     1%          3
d - Hailstorm             Conj/Ice       ######..     1%          4
e - Summon Ice Beast      Ice/Summ       ######..     1%          4
f - Statue Form           Tmut/Erth      #####....    54%         6

Your spell library contained the following spells:

 Spells                   Type           Power        Failure   Level
 Beastly Appendage        Tmut           #####.       1%          1
 Magic Dart               Conj           ####         1%          1
 Summon Small Mammal      Summ           ####         1%          1
 Call Imp                 Summ           ####....     1%          2
 Ensorcelled Hibernation  Hex/Ice        ######       1%          2
 Passwall                 Tmut/Erth      #####...     1%          2
 Searing Ray              Conj           ####..       1%          2
 Wereblood                Tmut           #####...     1%          2
 Ice Form                 Ice/Tmut       ######..     1%          4
 Call Canine Familiar     Summ           ####....     2%          3
 Spider Form              Tmut/Pois      ####......   4%          3
 Animate Skeleton         Necr           ##....       5%          1
 Corona                   Hex            ##.....      5%          1
 Pain                     Necr           ##..         5%          1
 Conjure Flame            Conj/Fire      ###.....     6%          3
 Dazzling Flash           Conj/Hex       ###...       6%          3
 Summon Guardian Golem    Hex/Summ       ###.....     6%          3
 Poisonous Vapours        Pois/Air       ##....       9%          2
 Swiftness                Air            ##......     9%          2
 Mephitic Cloud           Conj/Pois/Air  ###.....     9%          3
 Blade Hands              Tmut           #####.....   12%         5
 Lee's Rapid Deconstruct  Erth           #####.....   12%         5
 Irradiate                Conj/Tmut      #####.....   16%         5
 Confusing Touch          Hex            ##......     17%         3
 Tukima's Dance           Hex            ##......     17%         3
 Vampiric Draining        Necr           ##........   17%         3
 Fulminant Prism          Conj/Hex       ###.......   21%         4
 Iskenderun's Mystic Bla  Conj/Tloc      ###.....     21%         4
 Summon Lightning Spire   Summ/Air       ###.....     21%         4
 Freezing Cloud           Conj/Ice/Air   ######....   45%         6
 Animate Dead             Necr           ##........   50%         4
 Passage of Golubria      Tloc           N/A          50%         4
 Hydra Form               Tmut           #####.....   54%         6
 Agony                    Necr           ##......     83%         5
 Dragon Form              Tmut           #####.....   98%         7
 Invisibility             Hex            ##......     100%        6


Dungeon Overview and Level Annotations

Branches:
Dungeon (15/15)            Temple (0/1) D:6            Lair (6/6) D:10
  Swamp (0/4) Lair:2       Spider (0/4) Lair:4        Slime (0/5) Lair:6
    Orc (2/2) D:11            Elf (0/3) Orc:2        Vaults (0/5) D:13
Ossuary (visited)         Volcano (visited)
 Depths: D:15

Altars:
Cheibriados
Elyvilon
Fedhas
Gozag
Hepliaklqana
Sif Muna
Uskayaw
The Shining One
Beogh

Shops:
D:5 (   D:9 (   D:10 :   Orc:1 *   Orc:2 *(=[


Innate Abilities, Weirdness & Mutations

You have very sharp fingernails.
You regenerate health from kills.
You sometimes gain power by taking damage.
Your movements are less encumbered by armour. (ER -4)


Message History

Confirm with . or Enter, or press ? or * to list all spells.
The spell is quite dangerous to cast (54% risk of failure)!
Continue anyway?
You miscast Statue Form.
You are contaminated with residual magic.
Rocks fall onto you out of nowhere. The Executioner hits you.
* * * LOW HITPOINT WARNING * * *
The Executioner hits you but does no damage.
The Executioner barely misses you. The Executioner hits you!
* * * LOW HITPOINT WARNING * * *
The Executioner barely misses you. You block the Executioner's attack.
Your ice beast closely misses the Executioner.
A naga warrior comes into view. It is wielding a +0 mace.
Your ice beast misses the raiju.
You barely miss the Executioner.
The Executioner is heavily wounded.
You hit the raiju but do no damage. You miss the raiju.
The Executioner hits you but does no damage. x4
The Executioner completely misses you. The Executioner hits you!
You die...
Your body crumbles into a pile of gold.

. .. .... .. . ยง .
.... .. # #.. #..#
..# . . ..
#.h##..##..##.. .
..........?. ... # .
.... ..... ... # ..
#..##.Y# ..# .#
#.##..##h$##..##.. #
.........@1...$.... #
. .
#.......hY........ ##
.. ..##..##..##..##..
###...##..##S.##..# #
..#### ... ..........
#. ................
.#.
.####.##..##..##..##.
## .# .. #..##.N##..#
.. # #...... .. ....


You could see a naga warrior, an Executioner (fast), a guardian serpent, 2 raiju
and 2 friendly ice beasts.

Vanquished Creatures
  Rupert (Lair:3)
  Kirke (Lair:4)
  An orc warlord (D:11)
  An ironheart preserver (D:13)
  2 entropy weavers (D:12)
  Josephine (Orc:2)
  Erolcha (D:11)
  Harold (D:11)
  8 hydras
  A boulder beetle (D:13)
  A death knight (D:11)
  7 death yaks
  A tengu warrior (D:15)
  9 two-headed ogres
  A queen ant (D:12)
  4 centaur warriors
  3 orc high priests
  An ogre mage (D:15)
  Urug (Lair:5)
  Nergalle (Orc:2)
  A sun demon (Volcano)
  5 skeletal warriors
  5 unseen horrors
  Pikel (D:4)
  The ghost of Zachattack the Caller, a novice TeSu of Nemelex Xobeh (D:7)
  5 orc knights
  A phantasmal warrior (D:11)
  An orb spider (Lair:4)
  3 orc sorcerers
  A mana viper (Abyss:2)
  An oklob plant (Lair:6)
  2 deep elf magi
  A wolf spider (Lair:6)
  A manticore (D:11)
  19 ugly things
  3 cyclopes
  4 elephants (Lair:6)
  Maurice (Orc:2)
  A guardian serpent (Lair:6)
  A guardian serpent (shapeshifter) (D:14)
  10 black mambas
  2 naga magi (D:15)
  12 cane toads
  2 molten gargoyles (Volcano)
  3 gargoyles
  A kobold demonologist (D:8)
  A rime drake (Lair:4)
  2 freezing wraiths (D:11)
  A tengu conjurer (D:15)
  A yaktaur (shapeshifter) (D:13)
  13 komodo dragons
  A polar bear (Lair:6)
  3 meliai (D:14)
  A queen bee (Lair:1)
  10 trolls
  3 hornets
  The ghost of YayAnonymity the Shield-Bearer, an amateur FoFi (D:3)
  4 dream sheep
  A harpy skeleton (D:14)
  A raiju (Abyss:2)
  13 blink frogs
  4 slime creatures (D:13)
  A meliai zombie (D:15)
  A vampire (D:15)
  A spriggan (shapeshifter) (D:15)
  A shadow (D:14)
  4 wraiths
  10 wyverns
  4 fire bats
  A redback (Lair:6)
  2 basilisks (Lair:2)
  5 hogs (Lair:4)
  65 yaks
  9 vampire mosquitoes
  A steam dragon (Lair:4)
  3 wargs
  26 soldier ants
  2 hell hounds (Volcano)
  34 water moccasins
  An acid dragon (D:15)
  5 ice beasts
  4 sky beasts
  41 orc warriors
  4 black bears (D:10)
  17 ogres
  10 wolves
  28 centaurs
  An eye of draining (D:13)
  A lemure (D:4)
  5 big kobolds
  Blork the orc (Orc:2)
  5 gnoll sergeants
  18 bullfrogs
  4 scorpions
  33 killer bees
  16 wights
  6 centaur zombies
  A lava snake (Volcano)
  2 bullfrog zombies
  A bullfrog skeleton (D:5)
  2 human zombies (Ossuary)
  15 orc priests
  13 hounds
  4 gnoll shamans
  5 centaur skeletons
  5 jellies
  4 iguanas
  28 orc wizards
  23 worker ants
  A big kobold zombie (Ossuary)
  A hound skeleton (D:5)
  4 mummies (Ossuary)
  19 gnolls
  15 adders
  2 shadow imps
  5 white imps
  2 ufetubi
  2 oozes
  2 adder zombies
  An adder skeleton (D:4)
  A worm (D:3)
  2 dart slugs
  2 leopard geckos
  119 orcs
  3 giant cockroaches
  4 goblins
  5 hobgoblins
  12 jackals
  4 quokkas
  2 ball pythons
  12 bats
  5 frilled lizards
  2 gnoll zombies (Ossuary)
  A hobgoblin zombie (Ossuary)
  11 kobolds
  A leopard gecko skeleton (D:4)
  A leopard gecko zombie (D:5)
  A quokka zombie (D:6)
  5 rats
  A bush (D:14)
916 creatures vanquished.

Vanquished Creatures (collateral kills)
  An orc warlord (Orc:2)
  A hydra (Lair:3)
  2 death yaks (Lair:3)
  2 orc knights (Orc:1)
  2 blink frogs (Lair:6)
  A dream sheep (Lair:6)
  A basilisk (Lair:4)
  An orc warrior (Orc:1)
  A phantom (D:10)
  An orc priest (Orc:1)
  5 orcs (Orc:1)
18 creatures vanquished.

Vanquished Creatures (others)
  An unseen horror (D:13)
  73 fungi
  130 plants
204 creatures vanquished.

Grand Total: 1138 creatures vanquished

Notes
Turn   | Place    | Note
-------+----------+-------------------------------------------
     0 | D:1      | looop the Demonspawn Ice Elementalist began the quest for
                  | the Orb.
     0 | D:1      | Reached XP level 1. HP: 13/13 MP: 3/3
   204 | D:1      | Gained mutation: You regenerate a little health from kills.
                  | [demonic ancestry]
   204 | D:1      | Reached XP level 2. HP: 7/19 MP: 0/5
   445 | D:1      | Reached skill level 4 in Ice Magic
  1016 | D:2      | Gained mutation: Your movements are slightly less
                  | encumbered by armour. (ER -2) [demonic ancestry]
  1016 | D:2      | Reached XP level 3. HP: 24/24 MP: 6/6
  1059 | D:2      | Learned a level 3 spell: Frozen Ramparts
  1063 | D:2      | Learned a level 3 spell: Ozocubu's Armour
  1300 | D:2      | Reached XP level 4. HP: 30/30 MP: 0/8
  1808 | D:3      | Found a runed translucent gate.
  1809 | D:3      | Found a runed translucent gate.
  1810 | D:3      | Found a runed translucent gate.
  1813 | D:3      | Noticed YayAnonymity's ghost (amateur FoFi)
  1838 | D:3      | Reached skill level 5 in Ice Magic
  1841 | D:3      | Killed YayAnonymity's ghost
  1841 | D:3      | Reached skill level 6 in Ice Magic
  1841 | D:3      | Reached XP level 5. HP: 31/35 MP: 1/10
  1841 | D:3      | Gained mutation: You have sharp fingernails. [demonic
                  | ancestry]
  1841 | D:3      | Reached XP level 6. HP: 37/41 MP: 1/11
  2035 | D:3      | Found a white marble altar of Elyvilon.
  2796 | D:4      | Noticed Pikel
  2811 | D:4      | Killed Pikel
  2811 | D:4      | Reached skill level 5 in Spellcasting
  2811 | D:4      | Reached skill level 7 in Ice Magic
  2811 | D:4      | Reached XP level 7. HP: 26/46 MP: 9/14
  3071 | D:4      | Reached XP level 8. HP: 52/52 MP: 11/15
  3147 | D:4      | Learned a level 4 spell: Hailstorm
  3152 | D:4      | Learned a level 4 spell: Summon Ice Beast
  3562 | D:5      | Entered Level 5 of the Dungeon
  3719 | D:5      | Reached skill level 1 in Fighting
  3719 | D:5      | Reached skill level 8 in Ice Magic
  3738 | D:5      | Found an opulent altar of Gozag.
  3781 | D:5      | Found Cef Duch's Antique Weapon Emporium.
  3805 | D:5      | Became a worshipper of Gozag Ym Sagoz the Greedy
  4560 | D:5      | Found a hazy altar of Hepliaklqana.
  5279 | D:6      | Found a staircase to the Ecumenical Temple.
  6409 | D:7      | Noticed a two-headed ogre
  6467 | D:7      | Reached skill level 9 in Ice Magic
  6467 | D:7      | Gained mutation: You regenerate health from kills. [demonic
                  | ancestry]
  6467 | D:7      | Reached XP level 9. HP: 62/62 MP: 17/17
  6485 | D:7      | Killed a two-headed ogre
  6485 | D:7      | Reached skill level 1 in Conjurations
  6485 | D:7      | Reached skill level 1 in Summonings
  6600 | D:7      | Found a hazy altar of Hepliaklqana.
  6618 | D:7      | Found a sand-covered staircase.
  6634 | Ossuary  | Entered an ossuary
  7411 | D:7      | Noticed Zachattack's ghost (novice TeSu)
  7415 | D:7      | Found a transporter.
  7423 | D:7      | Found a transporter.
  7470 | D:7      | Got a masterwork whip
  7471 | D:7      | Identified the +4 whip "Sirisit" {speed, +Blink MP+9 Str+2}
                  | (You found it on level 7 of the Dungeon)
  8008 | D:7      | Killed Zachattack's ghost
  8008 | D:7      | Gained mutation: You have very sharp fingernails. [demonic
                  | ancestry]
  8008 | D:7      | Reached XP level 10. HP: 70/73 MP: 20/20
  8121 | D:8      | Reached skill level 10 in Ice Magic
  8163 | D:8      | Found a snail-covered altar of Cheibriados.
  8286 | D:8      | Identified the +3 plate armour of the Worm {MR+ rCorr Str-3
                  | Int+2}
  8503 | D:8      | Noticed a green ugly thing
  8517 | D:8      | Killed a green ugly thing
  8647 | D:8      | Noticed a deep elf mage
  8652 | D:8      | Reached skill level 5 in Dodging
  8661 | D:8      | Killed a deep elf mage
  8661 | D:8      | Reached skill level 5 in Fighting
  8839 | D:8      | Found a hide-covered altar of Uskayaw.
  8841 | D:8      | Found a shimmering blue altar of Sif Muna.
  8844 | D:8      | Found a blossoming altar of Fedhas.
  9695 | D:9      | Gained mutation: You sometimes gain a little power by
                  | taking damage. [demonic ancestry]
  9695 | D:9      | Reached XP level 11. HP: 80/80 MP: 22/22
  9721 | D:9      | Found Moz Zub's Antique Weapon Shoppe.
  9793 | D:9      | Found a roughly hewn altar of Beogh.
 10167 | D:9      | Found a glowing golden altar of the Shining One.
 10252 | D:10     | Entered Level 10 of the Dungeon
 10655 | D:10     | Reached skill level 11 in Ice Magic
 10674 | D:10     | Found a staircase to the Lair.
 11106 | D:10     | Reached skill level 5 in Summonings
 11140 | D:10     | Reached skill level 5 in Conjurations
 11478 | D:10     | Found Mihi's Book Shoppe.
 11990 | D:11     | Noticed a death knight
 12018 | Lair:1   | Entered Level 1 of the Lair of Beasts
 12374 | Lair:1   | Reached skill level 1 in Shields
 12403 | Lair:1   | Found a dark tunnel.
 12485 | Volcano  | Entered a volcano
 12714 | Volcano  | Found a bloodstained altar of Trog.
 12714 | Volcano  | Noticed a sun demon
 12714 | Volcano  | Noticed a red ugly thing
 12714 | Volcano  | Noticed a red ugly thing
 12722 | Volcano  | Killed a sun demon
 12725 | Volcano  | Killed a red ugly thing
 12729 | Volcano  | Killed a red ugly thing
 12750 | Volcano  | Noticed an orc sorcerer
 12754 | Volcano  | Killed an orc sorcerer
 13213 | Lair:1   | Gained mutation: You sometimes gain power by taking damage.
                  | [demonic ancestry]
 13213 | Lair:1   | Reached XP level 12. HP: 76/89 MP: 18/24
 13563 | Lair:1   | Reached skill level 12 in Ice Magic
 14523 | Lair:2   | Found a staircase to the Swamp.
 15061 | Lair:3   | Noticed Rupert
 15087 | Lair:3   | Noticed a death yak
 15094 | Lair:3   | Killed Rupert
 15095 | Lair:3   | Noticed a death yak
 15095 | Lair:3   | Noticed a death yak
 15099 | Lair:3   | Noticed a death yak
 15100 | Lair:3   | Noticed a death yak
 15430 | Lair:3   | Noticed a death yak
 15872 | Lair:3   | Killed a death yak
 15886 | Lair:3   | Killed a death yak
 15892 | Lair:3   | Killed a death yak
 16232 | Lair:3   | Killed a death yak
 16246 | Lair:3   | Killed a death yak
 16258 | Lair:3   | Killed a death yak
 16258 | Lair:3   | Gained mutation: Your movements are less encumbered by
                  | armour. (ER -4) [demonic ancestry]
 16258 | Lair:3   | Reached XP level 13. HP: 86/98 MP: 4/26
 16822 | Lair:3   | Got a masterwork quarterstaff
 16823 | Lair:3   | Identified the +6 quarterstaff of Qaby Nel {venom, rPois}
                  | (You found it on level 3 of the Lair of Beasts)
 17203 | Lair:4   | Noticed Kirke
 17213 | Lair:4   | Reached skill level 5 in Shields
 17213 | Lair:4   | Reached skill level 13 in Ice Magic
 17221 | Lair:4   | Killed Kirke
 17639 | Lair:4   | Found a hole to the Spider Nest.
 18708 | Lair:5   | Noticed Urug
 18720 | Lair:5   | Killed Urug
 19157 | Lair:6   | Entered Level 6 of the Lair of Beasts
 19347 | Lair:6   | Reached skill level 10 in Spellcasting
 19645 | Lair:6   | Reached XP level 14. HP: 79/108 MP: 13/28
 19981 | Lair:6   | Reached skill level 14 in Ice Magic
 21159 | Lair:6   | Found a staircase to the Slime Pits.
 21668 | Lair:6   | Reached skill level 10 in Fighting
 21980 | D:11     | Noticed Harold
 21988 | D:11     | Killed Harold
 22371 | D:11     | Found a staircase to the Orcish Mines.
 22454 | Orc:1    | Entered Level 1 of the Orcish Mines
 22491 | Orc:1    | Found Viag's Assorted Antiques.
 22783 | Orc:1    | Noticed an orc warlord
 22946 | D:11     | Killed an orc warlord
 23661 | Orc:2    | Entered Level 2 of the Orcish Mines
 23672 | Orc:2    | Found a staircase to the Elven Halls.
 23679 | Orc:2    | Reached XP level 15. HP: 117/117 MP: 29/29
 23759 | Orc:2    | Noticed Blork the orc
 24667 | Orc:2    | Killed Blork the orc
 24706 | Orc:2    | Noticed Nergalle
 24712 | Orc:2    | Killed Nergalle
 24712 | Orc:2    | Reached skill level 15 in Ice Magic
 24729 | Orc:2    | Found a roughly hewn altar of Beogh.
 24732 | Orc:2    | Noticed an orc warlord
 25105 | Orc:2    | Killed an orc warlord
 25105 | Orc:2    | Reached skill level 10 in Dodging
 25254 | Orc:2    | Found Izxoj's Antique Weapon Shop.
 25264 | Orc:2    | Found Meczinap's Antique Armour Shop.
 25518 | Orc:2    | Found Togigh's Jewellery Shop.
 25570 | Orc:2    | Noticed Maurice
 25755 | Orc:2    | Noticed Josephine
 25768 | Orc:2    | Killed Josephine
 25995 | Orc:2    | Found Ciegyaci's General Store.
 26062 | Orc:2    | Killed Maurice
 27165 | D:11     | Noticed Erolcha
 27182 | D:11     | Killed Erolcha
 28470 | D:10     | Bought a book of Transfigurations for 825 gold pieces
 28477 | D:10     | Learned a level 6 spell: Statue Form
 28888 | D:13     | Found a gate to the Vaults.
 28909 | D:13     | Reached skill level 1 in Transmutations
 28909 | D:13     | Reached skill level 1 in Earth Magic
 29714 | D:14     | Reached XP level 16. HP: 123/125 MP: 14/31
 30437 | D:15     | Entered Level 15 of the Dungeon
 30590 | D:15     | HP: 6/125 [acid (7)]
 31242 | D:15     | Reached skill level 5 in Transmutations
 31242 | D:15     | Reached skill level 5 in Earth Magic
 31947 | D:15     | Cast into level 2 of the Abyss (a wizard)
 32031 | Abyss:2  | Noticed an Executioner
 32045 | Abyss:2  | HP: 5/125 [Executioner (17)]
 32046 | Abyss:2  | Slain by an Executioner

Illustrated notes

Levels and vault maps discovered:
D:1:      psy_arrival_fountain, layout_rooms
D:2:      layout_basic
D:3:      layout_basic, nicolae_overflow_crystal_walls,
          gammafunk_ghost_necromancy
D:4:      layout_basic, uniq_pikel
D:5:      layout_gridville, marbit_many_paths, lemuel_round_altar, serial_shops,
          shop
D:6:      layout_basic, minmay_temple_entry_from_below_a
D:7:      layout_basic, gammafunk_ghost_arena, nicolae_ossuary_entry_ruins,
          serial_glass, glass_columns_a, glass_columns_c, basic_altar
D:8:      minmay_cut_squares, layout_basic, overflow_temple_1_default,
          minitemple
D:9:      layout_basic, tso_oasis_becter, special_room [special_room_orc],
          serial_shops, shop, kennysheep_generic_room_5
D:10:     layout_cave_pools, due_lair_maze_entry_diamond, serial_gnoll_camp,
          gnoll_camp_medium_01, gnoll_camp_mini_basic, gnoll_camp_mini_hut,
          gnoll_camp_mini_hut, gnoll_camp_mini_hut, serial_shops,
          kennysheep_mini
D:11:     layout_loops_cross, kennysheep_orc_monster_closet_entryway,
          uniq_harold, uniq_erolcha
D:12:     layout_cross, kennysheep_donut, minivault_29
D:13:     layout_irregular_city, skrybe_vaults_entry_preservation,
          serial_bayou_crossing
D:14:     layout_small_grid, gauntlet_entry_generic, serial_park_paths
          [serial_park_minivault_5x5_4]
D:15:     grunt_enter_depths_magical_seal, layout_cave_pools, bh_walls_and_bars,
          hangedman_abyss_or_decor_stabs
Lair:1:   layout_hall_layers, special_room [special_room_bee],
          nicolae_volcano_entry_batcave
Lair:2:   layout_chaotic_city, swamp_mist
Lair:3:   layout_regular_city, uniq_rupert
Lair:4:   layout_loops_ring, nicolae_spider_entry_orb_guardian, uniq_kirke
Lair:5:   layout_big_grid, uniq_urug
Lair:6:   hangedman_lair_tendril_chambers, layout_long_grid,
          minmay_slime_entry_oklob_enclosed, minmay_lindwurm_lava,
          serial_bayou_shore_a
Orc:1:    layout_caves, serial_shops, shop
Orc:2:    grunt_orc_cross, layout_caves, minmay_orc_barracks, uniq_maurice,
          uniq_josephine
Abyss:2:  base:
D:12

Skill      XL: |  1  2  3  4  5  6  7  8  9 10 11 12 13 14 15 16 |
---------------+-------------------------------------------------+-----
Ice Magic      | 4 6 7 9 10 11 12 13 14 15 | 15.6
Spellcasting   | 3 5 6 7 8 9 10 11 | 11.4
Fighting       | 2 4 5 6 8 9 10 11 | 11.2
Dodging        | 3 4 5 6 7 8 9 10 | 10.5
Conjurations   | 3 4 5 |  5.0
Summonings     | 3 4 5 |  5.0
Shields        | 2 4 6 7 8 |  8.0
Transmutations | 3 6 |  6.2
Earth Magic    | 3 6 |  6.2
Stealth        | |  1.7

Action                   |  1- 3 |  4- 6 |  7- 9 | 10-12 | 13-15 | 16-18 || total
-------------------------+-------+-------+-------+-------+-------+-------++-------
Melee: Unarmed           |    11 |       |       |     9 |     5 |       ||    25
       Dagger            |    43 |   115 |       |       |       |       ||   158
       Whip              |       |       |   168 |   472 |   425 |       ||  1065
       Spear             |       |       |   189 |       |       |       ||   189
       Broad axe         |       |       |       |    79 |   248 |   132 ||   459
       Quarterstaff      |       |       |       |       |   303 |       ||   303
 Cast: Freeze            |    27 |     2 |     2 |       |       |       ||    31
       Frozen Ramparts   |     3 |     6 |    48 |    82 |   134 |    26 ||   299
       Ozocubu's Armour  |       |     1 |     4 |    14 |    27 |    11 ||    57
       Hailstorm         |       |       |       |    42 |   123 |    12 ||   177
       Summon Ice Beast  |       |       |       |    12 |    23 |     7 ||    42
Invok: Potion Petition   |       |       |       |       |       |     1 ||     1
  Use: Scroll            |       |       |     8 |     6 |     7 |       ||    21
 Stab: Sleeping          |     1 |     2 |     2 |     3 |       |       ||     8
       Distracted        |       |       |     2 |     3 |     5 |     1 ||    11
Armor: Robe              |     6 |       |    44 |    60 |       |       ||   110
       Leather armour    |    32 |    48 |    66 |    68 |   324 |   120 ||   658
Dodge: Dodged            |    64 |    74 |   266 |   360 |  1012 |   251 ||  2027
Block: Other             |       |       |       |    97 |   198 |       ||   295
       Reflection        |       |       |       |     2 |    27 |     7 ||    36
       Buckler           |       |       |       |       |   252 |   166 ||   418

Table legend: (Time is in decaauts)
 A = Elapsed time spent in this place.
 B = Non-inter-level travel time spent in this place.
 C = Inter-level travel time spent in this place.
 D = Time resting spent in this place.
 E = Time spent auto-exploring this place.
 F = Levels seen in this place.
 G = Mean time per level.
                   A        B        C        D        E       F      G
               +--------+--------+--------+--------+--------+-----+--------+
         Total |  32254 |  31034 |   1220 |   3484 |  20068 |  26 | 1240.5 |
       Dungeon |  17699 |  17017 |    682 |    993 |  11883 |  15 | 1179.9 |
          Lair |   9600 |   9248 |    352 |   1158 |   6143 |   6 | 1600.0 |
  Orcish Mines |   3815 |   3629 |    186 |   1100 |   1775 |   2 | 1907.5 |
         Abyss |    100 |    100 |      0 |      0 |      0 |   1 |  100.0 |
       Ossuary |    595 |    595 |      0 |    100 |    267 |   1 |  595.0 |
       Volcano |    442 |    442 |      0 |    133 |      0 |   1 |  442.0 |
               +--------+--------+--------+--------+--------+-----+--------+

Top non-repeatable levels by time:
  Lair:6: 2677 daAuts
   Orc:1: 1922 daAuts
   Orc:2: 1893 daAuts
    D:10: 1761 daAuts
  Lair:2: 1688 daAuts
  Lair:1: 1649 daAuts
    D:11: 1552 daAuts
     D:5: 1534 daAuts
    D:14: 1509 daAuts
  Lair:3: 1491 daAuts
     D:6: 1358 daAuts
    D:13: 1168 daAuts
    D:15: 1112 daAuts
  Lair:5: 1087 daAuts
     D:8: 1082 daAuts
